Map: Shrines of Lizul

Players

llllllllllll

  • Race: Terran Terran

BASSNECTAR

  • Race: Zerg Zerg
  • League: Diamond

Hekler

  • Race: Terran Terran

Tenonee

  • Race: Zerg Zerg
  • League: Platinum

VOD

Have the link to the VOD?

Description

Time

  • Played on: July 24, 2016, 6 a.m.
  • Length: 3:19
Show
View Real Time Build Order
Export as new Build Order

llllllllllll Terran 

Build Orders:  

Get SALT Encoding   

  12  0:01  SCV  
  13  0:13  SCV  
  14  0:18  Supply Depot  
  14  0:26  SCV  
  15  0:39  SCV  
  15  0:40  Barracks  
  16  0:46  Refinery  
  16  0:57  Barracks  
  16  1:12  Barracks  
  16  1:24  Refinery  
  16  1:28  Reaper  
  17  1:38  Orbital Command  
  17  1:46  Reaper  
  18  1:59  Reaper  
  19  2:02  Supply Depot  
  19  2:07  Reaper  
  20  2:18  Reaper  
  21  2:31  Reaper  
  22  2:39  SCV  
  22  2:41  Reaper  
  24  2:51  SCV  
  26  3:03  SCV  
  28  3:09  Supply Depot  
Show
View Real Time Build Order
Export as new Build Order

BASSNECTAR Zerg 

Build Orders: Pool Only 

Get SALT Encoding   

  12  0:01  Drone  
  13  0:10  Extractor  
  12  0:28  Spawning Pool  
  11  0:32  Drone  
  12  0:40  Drone x2  
  14  1:03  Overlord  
  14  1:17  Metabolic Boost  
  14  1:23  Zergling x2  
  14  1:24  Zergling x4  
  17  1:35  Zergling x2  
  18  1:46  Zergling x2  
  19  1:56  Queen, Zergling x2  
  22  2:04  Spine Crawler  
  22  2:18  Spine Crawler  
  22  2:21  Zergling x2  
  21  2:32  Zergling x2  
  21  2:38  Drone  
Show
View Real Time Build Order
Export as new Build Order

Hekler Terran 

Build Orders:  

Get SALT Encoding   

  12  0:02  SCV  
  13  0:15  SCV  
  14  0:27  SCV  
  15  0:33  Supply Depot  
  15  0:52  Refinery  
  15  0:56  Barracks  
  15  0:58  SCV  
  16  1:11  Supply Depot  
  16  1:15  SCV  
  17  1:26  Barracks  
  17  1:32  Barracks  
  17  1:36  SCV  
  18  1:49  Reaper  
  19  1:54  Bunker  
  19  2:00  Barracks  
  19  2:04  SCV  
  20  2:20  Supply Depot  
  20  2:22  Reaper  
  21  2:33  Bunker  
  20  2:40  Reaper  
  20  2:41  SCV  
  23  3:05  Supply Depot  
Show
View Real Time Build Order
Export as new Build Order

Tenonee Zerg 

Build Orders: Hatch First 

Get SALT Encoding   

  12  0:01  Drone  
  13  0:14  Drone  
  14  0:39  Hatchery  
  14  0:42  Drone  
  14  0:46  Extractor  
  13  0:52  Drone  
  14  1:07  Spawning Pool  
  13  1:16  Overlord  
  13  1:32  Drone  
  14  1:36  Drone x2  
  16  2:01  Zergling x4  
  16  2:02  Zergling x2  
  13  2:37  Zergling x4  
  13  3:02  Spawning Pool  
Tags
 
Add a new tag
Caveats
  • Supply blocks, unpowered buildings, or Contaminate may cause inaccurate times.
  • Supply counts are checked every 10 seconds.